 Dungeon Crawl Stone Soup version 0.30.0-20-g3615ddf2f0 (webtiles) character file.

Game seed: 4856522221674449661

111 qw the Chopper (level 4, -1/28 HPs)
             Began as a Gargoyle Fighter on May 31, 2023.
             Killed by divine providence
             ... invoked by an orc priest
              (11 damage)
             ... on level 3 of the Dungeon.
             The game lasted 00:01:11 (1844 turns).

qw the Chopper (Gargoyle Fighter)                   Turns: 1844, Time: 00:01:11

Health: -1/28      AC: 11    Str: 21    XL:     4   Next: 92%
Magic:  4/4        EV:  9    Int:  9    God:
Gold:   120        SH:  4    Dex:  9    Spells: 3/3 levels left

rFire   . . .        Y - +0 war axe
rCold   . . .        c - +0 buckler
rNeg    + . .        b - +0 scale mail
rPois   inf          (no helmet)
rElec   +            (no cloak)
rCorr   .            m - +0 pair of gloves
SInv    .            (no boots)
Will    .....        (no amulet) Stlth
                     (no ring)
HPRegen 0.24/turn    (no ring)
MPRegen 0.09/turn

%: no passive effects
@: no status effects
A: sickness immunity, AC +3, negative energy resistance 1, electricity
resistance, torment resistance 1, petrification resistance
a: no special abilities


You were on level 3 of the Dungeon.
You visited 1 branch of the dungeon, and saw 3 of its levels.

You collected 120 gold pieces.


Innate Abilities, Weirdness & Mutations

You are immune to sickness and miasma.
Your stone body is resilient. (AC +3)
You are immune to poison.
You resist negative energy. (rN+)
You are resistant to electric shocks. (rElec)
You are resistant to unholy torment.
You are immune to petrification.


   Skills:
 - Level 3.2 Fighting
 + Level 4.5 Axes
 - Level 3.2 Armour
 - Level 3.2 Shields


You had 3 spell levels left.
You didn't know any spells.
Your spell library was empty.

Inventory:

Hand Weapons
 j - a +0 flail
 Y - a +0 war axe (weapon)
Armour
 b - a +0 scale mail (worn)
 c - a +0 buckler (worn)
 m - a +0 pair of gloves (worn)
Scrolls
 a - 2 scrolls of teleportation
 l - a scroll of identify
Potions
 d - a potion of might
 e - a potion of heal wounds {unknown}
 f - a potion of curing
 g - 2 potions of mutation {unknown}
 h - a potion of flight {unknown}
 i - 2 potions of haste {unknown}
 k - a potion of ambrosia {unknown}
 n - a potion of resistance {unknown}
 o - a potion of lignification {unknown}

Dungeon Overview and Level Annotations

Branches:
Dungeon (3/15)

Altars:


Message History

The jackal closely misses you. You block the orc's attack.
The jackal bites you.
The orc priest calls down the wrath of Beogh upon you.
Beogh smites you! The orc barely misses you.
You barely miss the jackal.
The jackal is lightly wounded.
You completely miss the orc.
The jackal bites you but does no damage.
The jackal barely misses you. The orc closely misses you.
You slash the jackal!
You kill the jackal!
You barely miss the orc. The orc hits you with a +0 club.
You closely miss the orc. The orc hits you with a +0 club.
You barely miss the orc. The orc barely misses you.
The orc completely misses you.
You barely miss the orc.
A bat comes into view.
The orc barely misses you.
You barely miss the orc. You block the orc's attack.
You hit the orc.
The orc is moderately wounded.
The bat hits you but does no damage. The orc hits you but does no damage.
You block the orc's attack.
You closely miss the orc.
The orc is lightly wounded.
The bat misses you. The orc barely misses you.
You slash the orc!
You kill the orc!
You block the bat's attack.
A jackal comes into view.
The jackal barks!
You slash the orc priest!
The orc priest is severely wounded.
You block the bat's attack. The bat hits you but does no damage.
The orc priest hits you but does no damage.
The orc priest mumbles some strange prayers to Beogh against you.
Beogh smites you!
You die...

....#...........#
.......##.......#######
..(.##..##.....<.......
...)###....#.%#....####
....#...#####.......#
#.. ......#.# ##..#...#
#..# ....###.## ##.#...#
.o.. .#..###..#
#)o####..... .....###.#
##@####.....
##...###.####
#.%b)...?...
#..........###.....####.
...#.##..##.........#
##.#.##..#####......#
#.#.###.)#.......h.#
#.#..##....##.#....#
#........####.#.#.....
##....#.#.# ###....#.#..


You could see an orc priest, a jackal and a bat.

Vanquished Creatures
  An adder (D:2)
  2 worms (D:2)
  3 dart slugs
  5 orcs
  A bat (D:2)
  11 endoplasms
  3 giant cockroaches (D:1)
  9 goblins
  5 hobgoblins
  12 jackals
  3 kobolds
  A quokka (D:2)
  7 ball pythons
  2 frilled lizards
  5 rats
70 creatures vanquished.

Notes
Turn   | Place    | Note
-------+----------+-------------------------------------------
     0 | D:1      | qw the Gargoyle Fighter began the quest for the Orb.
     0 | D:1      | Reached XP level 1. HP: 14/14 MP: 1/1
     0 | D:1      | 0 ||| qw: Version: 0.2-a-102-gfc559e5
     0 | D:1      | 0 ||| qw: Game counter: 535
     0 | D:1      | 0 ||| qw: Always use a shield: true
     0 | D:1      | 0 ||| qw: God list: Okawaru
     0 | D:1      | 0 ||| qw: Allow faded altars: false
     0 | D:1      | 0 ||| qw: Do Orc after D:15 true
     0 | D:1      | 0 ||| qw: Do second Lair branch before Depths: true
     0 | D:1      | 0 ||| qw: Lair rune preference: random
     0 | D:1      | 0 ||| qw: Plans: Normal, Zot:1-4, Slime:5, God:TSO, Crypt,
                  | Tomb, Pan, Hells, Abyss, Win
     0 | D:1      | 0 ||| PLANNING D:1-11
    10 | D:1      | 10 ||| Stepping ~*~*~tactically~*~*~ (stealth).
    20 | D:1      | HP: 2/14 [frozen (3)]
    22 | D:1      | Reached skill level 2 in Axes
    88 | D:1      | Reached XP level 2. HP: 18/19 MP: 2/2
   175 | D:1      | 175 ||| FLEEEEING.
   176 | D:1      | 176 ||| FLEEEEING.
   177 | D:1      | 177 ||| FLEEEEING.
   242 | D:1      | Reached skill level 3 in Axes
   377 | D:1      | Reached XP level 3. HP: 23/23 MP: 3/3
   604 | D:1      | 604 ||| Stepping ~*~*~tactically~*~*~ (hiding).
   649 | D:1      | 649 ||| UPGRADING to +0 pair of gloves.
   654 | D:1      | 654 ||| READING 2 scrolls labelled COFAUT YNIR.
   658 | D:1      | 658 ||| READING scroll labelled ERHER ZEURONUCW.
   659 | D:1      | 659 ||| READING scroll labelled USULYT KOFFIT.
   660 | D:1      | 660 ||| DRINKING 2 clear potions.
   779 | D:2      | 779 ||| Stepping ~*~*~tactically~*~*~ (hiding).
   781 | D:2      | 781 ||| Stepping ~*~*~tactically~*~*~ (hiding).
   922 | D:2      | Reached XP level 4. HP: 28/28 MP: 4/4
  1031 | D:2      | 1031 ||| Stepping ~*~*~tactically~*~*~ (stealth).
  1066 | D:2      | 1066 ||| FLEEEEING.
  1131 | D:2      | Reached skill level 4 in Axes
  1421 | D:2      | Found a faded altar of an unknown god.
  1540 | D:2      | 1540 ||| Stepping ~*~*~tactically~*~*~ (stealth).
  1576 | D:2      | 1576 ||| Stepping ~*~*~tactically~*~*~ (hiding).
  1642 | D:2      | 1642 ||| READING scroll labelled QUXZIZ ABAY.
  1643 | D:2      | 1643 ||| READING scroll labelled VASENAG VUSILA.
  1766 | D:3      | 1766 ||| Stepping ~*~*~tactically~*~*~ (hiding).
  1767 | D:3      | 1767 ||| Stepping ~*~*~tactically~*~*~ (hiding).
  1769 | D:3      | 1769 ||| Stepping ~*~*~tactically~*~*~ (hiding).
  1770 | D:3      | 1770 ||| Stepping ~*~*~tactically~*~*~ (hiding).
  1793 | D:3      | 1793 ||| Stepping ~*~*~tactically~*~*~ (stealth).
  1794 | D:3      | 1794 ||| Stepping ~*~*~tactically~*~*~ (stealth).
  1796 | D:3      | 1796 ||| Stepping ~*~*~tactically~*~*~ (hiding).
  1799 | D:3      | 1799 ||| Stepping ~*~*~tactically~*~*~ (hiding).
  1822 | D:3      | 1822 ||| Stepping ~*~*~tactically~*~*~ (stealth).
  1844 | D:3      | Killed from afar by an orc priest

Levels and vault maps discovered:
D:1:      dreamdust_arrival_sigmund_warning, layout_rooms, minmay_pentomino_w4
D:2:      minmay_angry_zag, layout_basic,
          shapermc_ecumenical_altar_mp_highgroup, minmay_misc_feat_cross,
          chequers_arboretum
D:3:      minmay_spotlight, layout_rooms,
          mainiacjoe_overflow_concentric_impassable,
          mainiacjoe_overflow_alcove_1

Skill      XL: |  1  2  3  4 |
---------------+-------------+-----
Axes           | 2 3 4 |  4.5
Fighting       | |  3.2
Armour         | |  3.2
Shields        | |  3.2

Action                     |  1- 3 |  4- 6 || total
---------------------------+-------+-------++-------
  Melee: War axe           |    93 |   103 ||   196
    Use: Scroll            |     3 |     2 ||     5
         Potion            |     1 |       ||     1
 Armour: Scale mail        |    58 |    55 ||   113
  Dodge: Dodged            |    49 |    54 ||   103
  Block: Buckler           |    20 |    23 ||    43

Table legend:
 A = Non-vault XP
 B = Vault XP
 C = Vault XP percentage of total XP
 D = Non-vault monster count
 E = Vault monster count
 F = Vault count percentage of total count
                 A         B        C        D         E       F
            +---------+---------+-------+---------+---------+-------
      Total |     139 |      20 |  12.6 |      61 |       9 |  12.9
            +---------+---------+-------+---------+---------+-------
        D:1 |      41 |      14 |  25.5 |      21 |       7 |  25.0
        D:2 |      69 |       6 |   8.0 |      27 |       2 |   6.9
        D:3 |      29 |       0 |   0.0 |      13 |       0 |   0.0
            +---------+---------+-------+---------+---------+-------
